 Dungeon Crawl Stone Soup version 0.25-a0-597-gb30770a0c0 (webtiles) character file.

Game seed: 16132947857845119912, levelgen mode: deterministic

157 Gynju the Thaumaturge (level 5, -3/28 HPs)
             Began as a Deep Elf Wizard on Mar 15, 2020.
             Killed from afar by an orc wizard (5 damage)
             ... with a puff of flame
             ... on level 2 of the Dungeon.
             The game lasted 00:04:35 (3275 turns).

Gynju the Thaumaturge (Deep Elf Wizard)             Turns: 3275, Time: 00:04:36

Health: -3/28      AC:  4    Str:  3 (5)  XL:     5   Next: 15%
Magic:  6/17       EV: 11    Int: 22 (23) God:
Gold:   143        SH:  0    Dex: 11 (13) Spells: 15/20 levels left

rFire    . . .     SeeInvis .   t - +0 war axe
rCold    . . .     Gourm    .   (no shield)
rNeg     . . .     Faith    .   w - +0 leather armour
rPois    .         Spirit   .   b - +0 hat
rElec    .         Reflect  .   (no cloak)
rCorr    .         Harm     .   (no gloves)
MR       .....                  u - +0 pair of boots
Stlth    +++.......             (no amulet)
HPRegen  0.09/turn              f - ring of stealth
MPRegen  0.15/turn              (no ring)

@: very slightly contaminated
A: no striking features
a: no special abilities


You were on level 2 of the Dungeon.
You were not hungry.

You visited 1 branch of the dungeon, and saw 3 of its levels.

You collected 143 gold pieces.

Inventory:

Hand Weapons
 c - a +0 mace
 t - a +0 war axe (weapon)
 x - a +2 quarterstaff of chaos
Missiles
 o - 7 poisoned darts (quivered)
 s - 3 silver javelins
Armour
 b - a +0 hat (worn)
 u - a +0 pair of boots (worn)
 w - a +0 leather armour (worn)
 y - a +0 cloak
Jewellery
 f - a ring of stealth (left hand)
Scrolls
 g - a scroll of magic mapping {unknown}
 i - a scroll of fear {unknown}
 k - a scroll of enchant weapon {unknown}
 l - a scroll of teleportation {unknown}
 p - 2 scrolls of identify {unknown}
 r - a scroll of blinking {unknown}
 v - a scroll of remove curse {unknown}
Potions
 e - a potion of degeneration
 h - 3 potions of flight {unknown}
 j - a potion of stabbing {unknown}
 m - 4 potions of cancellation {unknown}
 n - a potion of heal wounds {unknown}
 q - a potion of invisibility {unknown}
Comestibles
 d - 5 rations


   Skills:
 - Level 2.4 Dodging
 - Level 2.4 Stealth
 + Level 8.0 Spellcasting
 - Level 1.1 Conjurations
 - Level 1.1 Summonings
 - Level 1.1 Translocations


You had 15 spell levels left.
You knew the following spells:

 Your Spells              Type           Power        Failure   Level  Hunger
a - Magic Dart            Conj           ##..         10%         1    None
b - Blink                 Tloc           N/A          14%         2    None
c - Call Imp              Summ           ##......     14%         2    None

Your spell library contained the following spells:

 Spells                   Type           Power        Failure   Level  Hunger
 Slow                     Hex            #.......     22%         2    None
 Conjure Flame            Conj/Fire      ##......     34%         3    None
 Mephitic Cloud           Conj/Pois/Air  ##......     36%         3    None


Dungeon Overview and Level Annotations

Branches:
Dungeon (3/15)

Altars:
Hepliaklqana

Annotations:
D:2 Sigmund


Message History

You barely miss the orc wizard.
The orc wizard is moderately wounded.
Your white imp barely misses the orc wizard.
The orc wizard points at you and mumbles some strange words.
The magic dart hits you but does no damage.
Your crimson imp closely misses the orc wizard.
Your white imp barely misses the orc wizard.
You closely miss the orc wizard.
The orc wizard is moderately wounded.
The orc wizard hits you with a +0 dagger.
* * * LOW HITPOINT WARNING * * *
Your crimson imp hits the orc wizard but does no damage.
Your white imp barely misses the orc wizard.
The orc wizard barely misses you.
Your crimson imp hits the orc wizard.
You closely miss the orc wizard.
The orc wizard is heavily wounded.
Your white imp barely misses the orc wizard.
The orc wizard gestures at you while chanting.
The puff of flame hits you.
You die...

..#..#........###.....##.#.#...#.
[^##.#...)...............#.......
######........###...####.#.).....
_## #.........# #....<...#.......
..8 ##........# #...####.#.#...#.
...# #.######## #...# #.#.......
...8 #.# ##...# #.##.....#
$..###.# ##.o..# #.###.⌠.##
##.###### #.@55.# #..#######
#.......###..5..# ##........
#.#####.........#######...##.
#.......####...##.##.........
#.#####.# #####.#.#.##...##.
#.......# ##.###..##...##.
#####.####### #.## ##.##......
......# ##.###.####..... #######
##.#.## #...##


You could see an orc wizard, a friendly crimson imp and 2 friendly white imps.

Vanquished Creatures
  An orc priest (D:2)
  Crazy Yiuf (D:2)
  An adder (D:2)
  An ooze (D:2)
  3 dart slugs (D:1)
  3 leopard geckos
  2 orcs
  3 bats
  A giant cockroach (D:1)
  5 goblins
  5 hobgoblins
  2 quokkas (D:2)
  2 ball pythons
  2 frilled lizards
  5 kobolds
  7 rats
44 creatures vanquished.

Vanquished Creatures (collateral kills)
  An orc priest (D:2)
  An orc wizard (D:3)
  4 orcs
  A goblin (D:3)
7 creatures vanquished.

Grand Total: 51 creatures vanquished

Notes
Turn   | Place    | Note
-------+----------+-------------------------------------------
     0 | D:1      | Gynju the Deep Elf Wizard began the quest for the Orb.
     0 | D:1      | Reached XP level 1. HP: 10/10 MP: 7/7
   228 | D:1      | Reached skill level 5 in Spellcasting
   252 | D:1      | Reached XP level 2. HP: 15/15 MP: 6/10
   437 | D:1      | You fall into a shaft and drop 1 floor!
   890 | D:1      | Reached skill level 6 in Spellcasting
   890 | D:1      | Reached XP level 3. HP: 9/19 MP: 5/12
  1670 | D:2      | Learned a level 2 spell: Blink
  1673 | D:2      | Learned a level 2 spell: Call Imp
  1940 | D:2      | Reached XP level 4. HP: 24/24 MP: 8/14
  1951 | D:2      | Reached skill level 7 in Spellcasting
  2227 | D:2      | Noticed Sigmund
  2331 | D:2      | Found a runed translucent door.
  2332 | D:2      | Noticed Crazy Yiuf
  2382 | D:2      | Killed Crazy Yiuf
  2383 | D:2      | HP: 1/24 [poisoned by Crazy Yiuf]
  2887 | D:2      | Found a hazy altar of Hepliaklqana.
  2991 | D:3      | Reached skill level 8 in Spellcasting
  2991 | D:3      | Reached XP level 5. HP: 22/28 MP: 6/17
  3274 | D:2      | HP: 1/28 [orc wizard/+0 dagger (5)]
  3275 | D:2      | Killed from afar by an orc wizard

Levels and vault maps discovered:
D:1:      mushboom_english_gardens, layout_loops_ring, dk_noncrumbling_3,
          minivault_25, minmay_tetromino_o4
D:2:      cheibrodos_pilgrimage, layout_loops_cross,
          nicolae_overflow_hidden_temple, amethyst_killhole, feat_on_display,
          uniq_sigmund, uniq_crazy_yiuf_cottage
D:3:      layout_basic, bloody_trog, kennysheep_generic_room_4, uniq_terence,
          uniq_grinder, uniq_natasha

Skill      XL: |  1  2  3  4 |
---------------+-------------+-----
Spellcasting   | 5 6 8 |  8.0
Dodging        | |  2.4
Stealth        | |  2.4
Conjurations   | |  1.1
Summonings     | |  1.1
Translocations | |  1.1

Action                   |  1- 3 |  4- 6 || total
-------------------------+-------+-------++-------
Melee: War axe           |       |    11 ||    11
 Cast: Magic Dart        |    75 |    37 ||   112
       Call Imp          |     6 |    19 ||    25
       Blink             |     1 |       ||     1
  Use: Potion            |       |     1 ||     1
  Eat: Chunk             |     2 |     5 ||     7
Armor: Leather armour    |       |    11 ||    11
Dodge: Dodged            |     9 |     8 ||    17

Table legend:
 A = Non-vault XP
 B = Vault XP
 C = Vault XP percentage of total XP
 D = Non-vault monster count
 E = Vault monster count
 F = Vault count percentage of total count
                 A         B        C        D         E       F
            +---------+---------+-------+---------+---------+-------
      Total |     120 |     105 |  46.7 |      42 |       9 |  17.6
            +---------+---------+-------+---------+---------+-------
        D:1 |      40 |       5 |  11.1 |      22 |       2 |   8.3
        D:2 |      41 |     100 |  70.9 |      15 |       7 |  31.8
        D:3 |      39 |       0 |   0.0 |       5 |       0 |   0.0
            +---------+---------+-------+---------+---------+-------
